Map: Backwater LE

Players

Xrayten

  • Race: Protoss Protoss
  • League: Gold
  • Spawn Location: 5:00

ILIEKEGGPIE - Winner!

  • Race: Protoss Protoss
  • League: Platinum
  • Spawn Location: 11:00

VOD

Have the link to the VOD?

Description

Time

  • Played on: April 7, 2018, 11:12 p.m.
  • Length: 6:13
Show
View Real Time Build Order
Export as new Build Order

Xrayten Protoss 

Build Orders:  

Get SALT Encoding   

  12  0:01  Probe  
  13  0:13  Probe  
  14  0:25  Pylon  
  14  0:28  Probe  
  15  0:45  Gateway  
  15  0:48  Probe (Chrono Boost)  
  16  0:56  Assimilator  
  16  0:58  Probe (Chrono Boost)  
  16  1:03  Probe (Chrono Boost)  
  18  1:14  Probe  
  19  1:26  Probe  
  20  1:33  Cybernetics Core  
  20  1:34  Zealot (Chrono Boost)  
  22  1:46  Probe  
  23  1:53  Assimilator  
  23  2:04  Pylon  
  23  2:07  Pylon  
  23  2:22  Stalker, Probe  
  26  2:34  Probe, Nexus  
  27  2:45  Gateway  
  27  3:02  Shield Battery  
  27  3:10  Probe  
  28  3:22  Probe  
  29  3:32  Stalker  
  31  3:34  Probe  
  31  3:40  Pylon  
  32  3:42  Pylon  
  32  3:46  Probe (Chrono Boost)  
  34  3:52  Probe (Chrono Boost)  
  35  3:56  Probe (Chrono Boost)  
  35  4:01  Probe (Chrono Boost)  
  35  4:04  Pylon, Warp Gate (Chrono Boost)  
  36  4:12  Probe  
  37  4:17  Twilight Council  
  37  4:19  Forge  
  37  4:21  Probe  
  38  4:24  Probe  
  38  4:26  Stalker  
  38  4:29  Stalker  
  43  4:33  Probe  
  43  4:36  Probe  
  45  4:41  Robotics Facility  
  45  4:45  Probe  
  46  4:57  Stalker (Chrono Boost)  
  46  4:58  Stalker (Chrono Boost)  
  50  5:17  Stalker (Chrono Boost)  
  50  5:19  Stalker  
  52  5:24  Shield Battery  
Show
View Real Time Build Order
Export as new Build Order

ILIEKEGGPIE Protoss - Winner!

Build Orders:  

Get SALT Encoding   

  12  0:07  Probe  
  13  0:19  Probe  
  14  0:23  Pylon  
  14  0:31  Probe  
  15  0:42  Gateway  
  15  0:45  Probe (Chrono Boost)  
  15  0:46  Assimilator  
  16  0:57  Probe (Chrono Boost)  
  17  1:06  Probe  
  18  1:18  Probe  
  19  1:30  Cybernetics Core, Probe  
  19  1:31  Gateway  
  20  1:42  Probe  
  20  1:44  Assimilator  
  21  1:50  Pylon  
  21  1:54  Probe  
  22  2:06  Probe  
  23  2:10  Warp Gate (Chrono Boost)  
  23  2:12  Stalker  
  24  2:20  Stalker  
  26  2:35  Robotics Facility  
  26  2:43  Probe  
  27  2:49  Stalker  
  29  2:55  Probe  
  30  3:12  Pylon  
  30  3:30  Stalker, Warp Prism (Chrono Boost)  
  30  3:32  Pylon  
  30  3:34  Stalker  
  36  3:45  Gateway  
  36  3:47  Gateway  
  35  4:21  Immortal (Chrono Boost)  
  35  4:30  Pylon  
  39  4:31  Pylon  
  39  4:33  Stalker x2  
  43  4:50  Probe  
  44  4:57  Stalker  
  44  4:59  Sentry x2  
  50  5:00  Nexus  
  50  5:37  Stalker x3  
  52  6:02  Zealot  
  52  6:03  Zealot x2  
Tags
 
Matchup
PvP
Replay Pack
Multi
Spawn Locations
Cross Positions
Add a new tag
Caveats
  • Supply blocks, unpowered buildings, or Contaminate may cause inaccurate times.
  • Supply counts are checked every 10 seconds.